 Dungeon Sprint DCSS version bcrawl-1.23 (webtiles) character file.

Game seed: 1765123165756450994

16662 Freyura the Shatterer (level 12, -1/154 HPs)
             Began as an Ogre Berserker on May 23, 2020.
             Was the Champion of Trog.
             Slain by a deep elf sorcerer
             ... wielding a +0 dagger
              (3 damage)
             ... in the Dungeon (Sprint IX: "|||||||||||||||||||||||||||||").
             The game lasted 00:20:15 (1435 turns).

Freyura the Shatterer (Ogre Berserker)              Turns: 1435, Time: 00:20:16

Health: -1/154     AC: 11    Str: 32    XL:     12   Next: 39%
Magic:  12/12      EV: 14    Int:  5    God:    Trog [******]
Gold:   1226       SH:  0    Dex: 11    Spells: 11/11 levels left

rFire    x . .     SeeInvis .   b - +6 giant spiked club of Resourcefulness {freeze, rPois rN+ Str+4 Int-3}
rCold    + + .     Gourm    .   (shield currently unavailable)
rNeg     + . .     Faith    .   B - +1 ice dragon scales
rPois    +         Spirit   .   (helmet restricted)
rElec    .         Reflect  .   A - +1 cloak
rCorr    +         Harm     .   (gloves unavailable)
MR       +++..     NoTele   +   (boots unavailable)
Stlth    ..........             o - amulet of regeneration
HPRegen  1.71/turn              p - +3 ring of dexterity
MPRegen  0.13/turn              t - ring of resist corrosion

@: corroded, berserk cooldown, regenerating, slowed, very slow
A: large, unfitting armour, tough skin 1
a: Berserk, Trog's Hand, Brothers in Arms, Renounce Religion


You were in the Dungeon.
You worshipped Trog.
Trog was exalted by your worship.
You were not hungry.

You visited 1 branch You collected 1926 gold pieces.
You spent 700 gold pieces at shops.

Inventory:

Hand Weapons
 b - the +6 giant spiked club of Resourcefulness (weapon) {freeze, rPois rN+ Str+4 Int-3}
   (Trog gifted it to you in the Dungeon)

   It has been specially enchanted to freeze those struck by it, causing extra
   injury to most foes and up to half again as much damage against particularly
   susceptible opponents.
   It can also slow down cold-blooded creatures.
   It affects your strength (+4).
   It affects your intelligence (-3).
   It protects you from poison.
   It protects you from negative energy.
 c - the +8 giant club of Trog's Supremacy {crush, MR++ Str+2}
   (Trog gifted it to you in the Dungeon)

   It inflicts extra damage upon your enemies.
   It affects your strength (+2).
   It affects your resistance to hostile enchantments.
 j - the +6 giant club "Nenivir" {crush, +Rage Str+7 Dex-2}
   (Trog gifted it to you in the Dungeon)

   It inflicts extra damage upon your enemies.
   It affects your strength (+7).
   It affects your dexterity (-2).
   It lets you go berserk.
 y - a +6 giant spiked club
Missiles
 s - 135 large rocks (quivered)
Armour
 k - a +0 troll leather armour
 A - a +1 cloak (worn)
 B - +1 ice dragon scales (worn)
Jewellery
 o - an amulet of regeneration (around neck)
 p - a +3 ring of dexterity (left hand)
 q - a +2 ring of evasion
 r - an uncursed ring of protection from fire
 t - a ring of resist corrosion (right hand)
 v - an uncursed ring of protection from magic
 z - a +4 ring of strength
Wands
 a - a wand of polymorph (12)
 m - a wand of acid (10)
Scrolls
 i - 3 scrolls of blinking
 l - 4 scrolls of remove curse
 w - a scroll of identify
 x - a scroll of fear
 F - 3 scrolls of fog
Potions
 d - 7 potions of curing
 f - 2 potions of haste
 g - 4 potions of magic
 h - a potion of berserk rage
 u - a potion of brilliance
 C - 3 potions of heal wounds
 D - a potion of agility
 E - a potion of might
Comestibles
 e - 12 rations {!d}


   Skills:
 + Level 19.2 Fighting
 * Level 23.5 Maces & Flails
 + Level 14.3 Dodging


You had 11 spell levels left.
You didn't know any spells.
Your spell library was empty.

Dungeon Overview and Level Annotations

Branches:
Dungeon (1/1)

Altars:
Cheibriados
Dithmenos
Elyvilon
Fedhas
Gozag
Hepliaklqana
Kikubaaqudgha
Lugonu
Makhleb
Nemelex Xobeh
Okawaru
Qazlal
Ru
Sif Muna
Trog
Uskayaw
Vehumet
Wu Jian
Xom
Yredelemnul
Zin
The Shining One
Beogh
Jiyva

Shops:
D =((*


Innate Abilities, Weirdness & Mutations

You are too large for most types of armour.
You have tough skin. (AC +1)


Message History

Something appears at your feet! Trog grants you a weapon!
Trog appreciates your killing of a magic user.
Reactivating autopickup.
You feel a bit more experienced.
You miss the deep elf sorcerer.
The deep elf sorcerer hits you with a +0 dagger.
* * * LOW HITPOINT WARNING * * *
The deep elf sorcerer closely misses you.
You closely miss the deep elf sorcerer.
You feel the effects of Trog's Hand fading.
The deep elf sorcerer hits you but does no damage.
You miss the deep elf sorcerer.
The deep elf sorcerer gestures at you while chanting.
You resist. The bolt of acid hits you!
* * * LOW HITPOINT WARNING * * *
The acid corrodes you!
You are splashed with acid!
You resist.
* * * LOW HITPOINT WARNING * * *
The deep elf sorcerer hits you with a +0 dagger.
You die...

..'..[[[[..'..[.......†)†.....÷).
▓▓▓▓▓▓▓▓▓▓▓▓▓▓▓▓▓▓▓▓▓▓▓▓▓▓▓▓▓▓▓▓▓
...).............................
▓▓▓▓▓▓▓▓▓▓▓▓▓▓▓▓▓▓▓▓▓▓▓▓▓▓▓▓▓▓▓▓▓
.......'.....∩.∩)∩)∩)))))).....))
▓▓▓▓▓▓▓▓▓▓▓▓▓▓▓▓▓▓▓▓▓▓▓▓▓▓▓▓▓▓▓▓▓
.................................
▓▓▓▓▓▓▓▓▓▓▓▓▓▓▓▓▓▓▓▓▓▓▓▓▓▓▓▓▓▓▓▓▓
......e@.)[)))'.........
▓▓▓▓▓▓▓▓▓▓▓▓▓▓▓▓▓▓▓▓▓▓▓▓


You could see a deep elf sorcerer.

Vanquished Creatures
  A vampire knight (D)
  2 fire dragons (D)
  Erolcha (D)
  An ogre mage (D)
  An orc high priest (D)
  A flayed ghost (D)
  7 orc knights (D)
  3 cyclopes (D)
  A deep elf mage (D)
  An ugly thing (D)
  2 cane toads (D)
  3 komodo dragons (D)
  2 trolls (D)
  A polar bear (D)
  A tyrant leech (D)
  A wind drake (shapeshifter) (D)
  A slime creature (D)
  A blink frog (D)
  2 hippogriffs (D)
  A basilisk (D)
  A yak (D)
  3 vampire mosquitoes (D)
  4 crocodiles (D)
  2 porcupines (D)
  A water moccasin (D)
  17 orc warriors (D)
  An ogre (D)
  2 centaurs (D)
  4 bullfrogs (D)
  A scorpion (D)
  2 wights (D)
  A quasit (D)
  A jelly (D)
  An orc priest (D)
  2 hounds (D)
  3 orc wizards (D)
  2 worker ants (D)
  An adder (D)
  An adder skeleton (D)
  A worm (D)
  11 orcs (D)
  A bat skeleton (D)
  A goblin (D)
  2 kobolds (D)
  A rat (D)
101 creatures vanquished.

Notes
Turn   | Place    | Note
-------+----------+-------------------------------------------
     0 | D        | Freyura the Ogre Berserker began the quest for the Orb.
     0 | D        | Reached XP level 1. HP: 24/24 MP: 1/1
     5 | D        | Reached skill level 4 in Maces & Flails
     8 | D        | Reached ** piety under Trog
    10 | D        | Reached XP level 2. HP: 33/33 MP: 2/2
    41 | D        | Noticed a centaur
    41 | D        | Noticed an ogre
    45 | D        | Killed an ogre
    45 | D        | Reached skill level 8 in Maces & Flails
    45 | D        | Reached XP level 3. HP: 45/45 MP: 3/3
    45 | D        | Reached XP level 4. HP: 53/53 MP: 4/4
    46 | D        | Reached *** piety under Trog
    59 | D        | Killed a centaur
    59 | D        | Reached skill level 9 in Maces & Flails
    59 | D        | Reached skill level 5 in Dodging
    59 | D        | Reached XP level 5. HP: 63/63 MP: 5/5
    63 | D        | Reached skill level 10 in Maces & Flails
    74 | D        | Found a roughly hewn altar of Beogh.
    74 | D        | Found a snail-covered altar of Cheibriados.
    74 | D        | Found a shadowy altar of Dithmenos.
    74 | D        | Found a white marble altar of Elyvilon.
    74 | D        | Found a blossoming altar of Fedhas.
    74 | D        | Found an opulent altar of Gozag.
    75 | D        | Found a hazy altar of Hepliaklqana.
    76 | D        | Found a viscous altar of Jiyva.
    77 | D        | Found an ancient bone altar of Kikubaaqudgha.
    78 | D        | Found a corrupted altar of Lugonu.
    79 | D        | Found a burning altar of Makhleb.
    80 | D        | Found a sparkling altar of Nemelex Xobeh.
    81 | D        | Found an iron altar of Okawaru.
    82 | D        | Found a stormy altar of Qazlal.
    83 | D        | Found a sacrificial altar of Ru.
    84 | D        | Found a shimmering blue altar of Sif Muna.
    85 | D        | Found a bloodstained altar of Trog.
    86 | D        | Found a hide-covered altar of Uskayaw.
    87 | D        | Found a radiant altar of Vehumet.
    88 | D        | Found an ornate altar of the Wu Jian Council.
    89 | D        | Found a shimmering altar of Xom.
    90 | D        | Found a basalt altar of Yredelemnul.
    91 | D        | Found a glowing silver altar of Zin.
    92 | D        | Found a glowing golden altar of the Shining One.
   182 | D        | Noticed a centaur
   182 | D        | Noticed a cyclops
   182 | D        | Noticed a troll
   188 | D        | Reached **** piety under Trog
   188 | D        | Reached XP level 6. HP: 74/74 MP: 6/6
   204 | D        | Killed a troll
   204 | D        | Reached skill level 10 in Fighting
   204 | D        | Reached skill level 12 in Maces & Flails
   204 | D        | Reached XP level 7. HP: 46/87 MP: 7/7
   208 | D        | Killed a cyclops
   208 | D        | Reached ***** piety under Trog
   208 | D        | Reached skill level 13 in Maces & Flails
   209 | D        | Received a gift from Trog
   212 | D        | Got a translucent giant club {god gift}
   305 | D        | Noticed a cyclops
   305 | D        | Noticed a troll
   307 | D        | Killed a troll
   307 | D        | Reached skill level 14 in Maces & Flails
   307 | D        | Reached XP level 8. HP: 98/98 MP: 8/8
   315 | D        | Killed a cyclops
   315 | D        | Reached skill level 15 in Maces & Flails
   465 | D        | Noticed a komodo dragon
   465 | D        | Noticed a komodo dragon
   465 | D        | Noticed a hippogriff
   470 | D        | Received a gift from Trog
   471 | D        | Noticed a komodo dragon
   473 | D        | Killed a hippogriff
   473 | D        | Reached XP level 9. HP: 110/110 MP: 9/9
   475 | D        | Killed a komodo dragon
   475 | D        | Reached skill level 16 in Maces & Flails
   478 | D        | Killed a komodo dragon
   478 | D        | Reached skill level 10 in Dodging
   483 | D        | Reached skill level 17 in Maces & Flails
   483 | D        | Noticed a polar bear
   490 | D        | Killed a komodo dragon
   496 | D        | Killed a polar bear
   510 | D        | Identified the +8 giant club of Trog's Supremacy {crush,
                  | MR++ Str+2} (Trog gifted it to you in the Dungeon)
   542 | D        | Reached skill level 18 in Maces & Flails
   542 | D        | Reached XP level 10. HP: 99/123 MP: 10/10
   544 | D        | Reached ****** piety under Trog
   549 | D        | Noticed a cane toad
   552 | D        | Reached skill level 15 in Fighting
   554 | D        | Killed a cane toad
   554 | D        | Received a gift from Trog
   620 | D        | Noticed a cane toad
   622 | D        | Killed a cane toad
   622 | D        | Reached skill level 19 in Maces & Flails
   636 | D        | Received a gift from Trog
   699 | D        | Noticed Erolcha
   705 | D        | Killed Erolcha
   791 | D        | Received a gift from Trog
   796 | D        | Reached skill level 20 in Maces & Flails
   806 | D        | Received a gift from Trog
   845 | D        | Noticed an orc high priest
   851 | D        | Reached XP level 11. HP: 80/136 MP: 11/11
   855 | D        | Received a gift from Trog
   857 | D        | Noticed an orc knight
   863 | D        | Killed an orc high priest
   865 | D        | Got an iridescent giant spiked club {god gift}
   866 | D        | Identified the +6 giant spiked club of Resourcefulness
                  | {freeze, rPois rN+ Str+4 Int-3} (Trog gifted it to you in
                  | the Dungeon)
   878 | D        | Killed an orc knight
   882 | D        | Received a gift from Trog
   993 | D        | Found Erizeroip's General Store.
   993 | D        | Noticed an orc knight
   993 | D        | Noticed an orc knight
   994 | D        | Noticed an orc knight
   997 | D        | Killed an orc knight
   997 | D        | Reached skill level 21 in Maces & Flails
   999 | D        | Killed an orc knight
  1004 | D        | Noticed an orc knight
  1006 | D        | Found Cucubaux's Antique Weapon Shop.
  1009 | D        | Killed an orc knight
  1013 | D        | Found Fobow's Antique Weapon Boutique.
  1016 | D        | Killed an orc knight
  1016 | D        | Received a gift from Trog
  1020 | D        | Found Lianluskak's Jewellery Shop.
  1022 | D        | Noticed an orc knight
  1025 | D        | Noticed an orc knight
  1028 | D        | Killed an orc knight
  1033 | D        | Killed an orc knight
  1033 | D        | Reached skill level 22 in Maces & Flails
  1045 | D        | Got a slimy giant club {god gift}
  1077 | D        | Identified the +6 giant club "Nenivir" {crush, +Rage Str+7
                  | Dex-2} (Trog gifted it to you in the Dungeon)
  1094 | D        | Bought an uncursed amulet of regeneration for 420 gold
                  | pieces
  1094 | D        | Bought an uncursed ring of resist corrosion for 280 gold
                  | pieces
  1388 | D        | Noticed a cyclops
  1388 | D        | Noticed a deep elf mage
  1399 | D        | Noticed a flayed ghost
  1403 | D        | Killed a deep elf mage
  1403 | D        | Received a gift from Trog
  1407 | D        | Killed a cyclops
  1413 | D        | Killed a flayed ghost
  1413 | D        | Reached XP level 12. HP: 96/152 MP: 12/12
  1413 | D        | Noticed a fire dragon
  1415 | D        | Noticed a vampire knight
  1417 | D        | Received a gift from Trog
  1419 | D        | Killed a fire dragon
  1420 | D        | Noticed a fire dragon
  1421 | D        | Noticed an ogre mage
  1421 | D        | Noticed a deep elf sorcerer
  1426 | D        | HP: 6/153 [fire dragon (4)]
  1428 | D        | Killed a fire dragon
  1428 | D        | Reached skill level 23 in Maces & Flails
  1428 | D        | Killed a vampire knight
  1432 | D        | Killed an ogre mage
  1432 | D        | Received a gift from Trog
  1435 | D        | HP: 2/154 [acid (7)]
  1435 | D        | Slain by a deep elf sorcerer

Skill      XL: |  1  2  3  4  5  6  7  8  9 10 11 12 |
---------------+-------------------------------------+-----
Maces & Flails | 4 8 9 10 12 14 15 18 20 22 23 | 23.5
Dodging        | 3 4 5 6 7 8 9 10 12 13 14 | 14.3
Fighting       | 6 8 10 11 13 14 16 18 19 | 19.2

Action                   |  1- 3 |  4- 6 |  7- 9 | 10-12 || total
-------------------------+-------+-------+-------+-------++-------
Melee: Mace              |     9 |    18 |       |       ||    27
       Giant club        |       |    19 |    51 |    61 ||   131
       Giant spiked club |       |       |       |    76 ||    76
Invok: Berserk           |     2 |     1 |     3 |     2 ||     8
       Trog's Hand       |       |       |     3 |     3 ||     6
  Use: Potion            |       |     2 |     2 |     3 ||     7
       Scroll            |       |       |     1 |     1 ||     2
 Stab: Invisible         |       |       |     1 |       ||     1
  Eat: Chunk             |       |       |     6 |     4 ||    10
       Ration            |       |       |       |     1 ||     1
Armor: Animal skin       |     1 |     9 |       |       ||    10
       Troll leather arm |       |       |     9 |     8 ||    17
       Ice dragon scales |       |       |       |    17 ||    17
Dodge: Dodged            |     2 |    40 |    33 |    64 ||   139
